 Dungeon Crawl Stone Soup version 0.21.1-1-g345015f (webtiles) character file.

141597 recordrepeat the Peltast (level 17, 0/150 HPs)
             Began as a Hill Orc Fighter on Feb 26, 2018.
             Was the Champion of Beogh.
             Killed by divine providence
             ... invoked by an orc priest
             ... summoned by a worldbinder
              (10 damage)
             ... on level 2 of the Abyss on July 10, 2018.
             The game lasted 02:42:33 (29771 turns).

recordrepeat the Peltast (Hill Orc Fighter)        Turns: 29771, Time: 02:42:34

Health: 0/150      AC: 32    Str: 32    XL:     17   Next: 33%
Magic:  21/21      EV:  8    Int:  8    God:    Beogh [******]
Gold:   1358       SH: 25    Dex: 12    Spells: 20/20 levels left

rFire    . . .     SeeInvis .   V - +8 scimitar of Oenomania {slice, rPois rC+ MR- Str+6}
rCold    + + .     Gourm    .   N - +0 large shield
rNeg     + . .     Faith    .   I - +5 plate armour {MR+}
rPois    +         Spirit   .   w - +0 helmet
rElec    .         Reflect  +   i - +1 cloak
rCorr    .         Harm     .   j - +0 pair of gloves
MR       +....     Rnd*Tele +   (no boots)
Stlth    ..........             X - amulet of Reimbursement {Reflect rPois rF- rN+ Dex+2 SH+2}
HPRegen  0.00/turn              M - ring of protection from fire
MPRegen  0.17/turn              Q - ring of protection from cold

@: about to teleport, non-regenerating, diseased
A: walk on water, iridescent scales 1, molten scales 1, slimy green scales 1,
regeneration 1, teleportitis 1
a: Smiting, Recall Orcish Followers, Give Item to Named Follower, Resurrection,
Renounce Religion


You were on level 2 of the Abyss.
You worshipped Beogh.
Beogh was exalted by your worship.
You were not hungry.

You visited 4 branches of the dungeon, and saw 24 of its levels.
You visited the Abyss 1 time.
You also visited: Volcano.

You collected 1659 gold pieces.
You spent 301 gold pieces at shops.

Inventory:

Hand Weapons
 V - the +8 scimitar of Oenomania (weapon) {slice, rPois rC+ MR- Str+6}
   (You found it on level 10 of the Dungeon)

   It inflicts extra damage upon your enemies.
   It affects your strength (+6).
   It protects you from cold.
   It protects you from poison.
   It affects your resistance to hostile enchantments.
Armour
 i - a +1 cloak (worn)
 j - a +0 pair of gloves (worn)
 w - a +0 helmet (worn)
 I - a +5 plate armour of magic resistance (worn)
 N - a +0 large shield (worn)
Magical Staves
 s - an uncursed staff of poison
Jewellery
 a - an uncursed ring of resist corrosion {unknown}
 h - an uncursed ring of protection from fire
 y - an uncursed ring of protection from fire
 B - an uncursed amulet of guardian spirit
 M - a ring of protection from fire (left hand)
 Q - a ring of protection from cold (right hand)
 X - the amulet of Reimbursement (around neck) {Reflect rPois rF- rN+ Dex+2 SH+2}
   (You bought it in a shop on level 11 of the Dungeon)

   [amulet of reflection]

   It shields you and reflects attacks.
   It affects your dexterity (+2).
   It makes you vulnerable to fire.
   It protects you from poison.
   It protects you from negative energy.
   It affects your SH (+2).
Wands
 C - a wand of flame (106)
 G - a wand of polymorph (17)
 H - a wand of iceblast (16)
 K - a wand of digging (14)
 P - a wand of acid (30)
 S - a wand of random effects (41)
Scrolls
 e - a scroll of summoning {unknown}
 g - 9 scrolls of fog
 n - 15 scrolls of teleportation
 o - 9 scrolls of remove curse
 q - 5 scrolls of noise {unknown}
 r - 6 scrolls of amnesia
 t - 2 scrolls of enchant armour
 z - 6 scrolls of enchant weapon
 A - 5 scrolls of magic mapping
 F - a scroll of fear
 J - 3 scrolls of brand weapon
 O - a scroll of silence {unknown}
 U - 2 scrolls of holy word {unknown}
Potions
 d - 3 potions of heal wounds
 l - 3 potions of berserk rage
 m - 2 potions of lignification
 p - 7 potions of brilliance
 u - 7 potions of curing
 v - 2 potions of ambrosia
 x - 3 potions of flight
 D - 2 potions of agility
 E - a potion of resistance
 W - 2 potions of magic
 Y - 5 potions of haste
 Z - a potion of might
Books
 T - a book of Beasts

   Spells                             Type                      Level
   a - Summon Butterflies             Summoning                    1
   b - Call Canine Familiar           Summoning                    3
   c - Summon Ice Beast               Ice/Summoning                4
   d - Summon Mana Viper              Hexes/Summoning              5
   e - Summon Hydra                   Summoning                    7
Miscellaneous
 c - a phial of floods
 L - 2 sacks of spiders
Comestibles
 f - 28 rations


   Skills:
 + Level 13.4 Fighting
 + Level 14.2 Long Blades
   Level 13.8 Axes
 + Level 12.5 Armour
 + Level 3.7 Dodging
 + Level 3.6 Stealth
 + Level 17.0 Shields
 + Level 2.1 Spellcasting
 + Level 6.3 Invocations
 + Level 3.6 Evocations


You had 20 spell levels left.
You didn't know any spells.

Dungeon Overview and Level Annotations

Branches:
Dungeon (14/15)            Temple (0/1) D:4            Lair (5/6) D:9
  Swamp (0/4) Lair:3       Spider (4/4) Lair:3        Slime (0/5) Lair:5
    Orc (1/2) D:10         Vaults (0/5) D:14

Altars:
Dithmenos
Elyvilon
Fedhas
Gozag
Kikubaaqudgha
Qazlal
Sif Muna
Trog
Wu Jian
Xom
Yredelemnul
The Shining One
Beogh
Jiyva

Shops:
D:6 %   D:10 =   D:11 =

Annotations:
Spider:4 Louise


Innate Abilities, Weirdness & Mutations

You can walk on water.
You are partially covered in iridescent scales. (AC +2)
You are partially covered in molten scales. (AC +2)
You are partially covered in slimy green scales. (AC +2)
Your natural rate of healing is unusually fast.
You are occasionally teleported next to monsters.


Message History

The worldbinder calls forth creatures from the Orcish Mines!
The raiju bursts into living lightning!
The living lightning hits you!
* * * LOW HITPOINT WARNING * * *
The living lightning misses you.
The living lightning misses the raiju.
The raiju blinks! x2
As you read the scroll of enchant armour, it crumbles to dust.
Your +3 plate armour of magic resistance glows green for a moment.
You feel ill. The raiju bites you but does no damage.
As you read the scroll of enchant armour, it crumbles to dust.
Your +4 plate armour of magic resistance glows green for a moment.
The raiju bursts into living lightning!
The living lightning misses you. The living lightning hits you!
* * * LOW HITPOINT WARNING * * *
The living lightning hits the warg.
The living lightning misses the raiju.
The raiju blinks!
The orc priest calls down the wrath of Beogh upon you.
Beogh smites you!
You die...
Beogh appreciates the orc priest's killing of a heretic priest.

# . #. #
.. . . #
. # #
### ...
. #@#
... . .
#.#ยง##.
. .
.....xh#
## #. .
..ohh. .
. #
#..##hh.
. # ##
#... .
##.## .#
. #x .
## ...


You could see an ancient zyme, 4 raiju, a warg and an orc priest.

Vanquished Creatures
  Gastronok (D:9)
  3 emperor scorpions
  A ghost moth (Spider:3)
  An entropy weaver (Spider:2)
  Snorg (Orc:1)
  Erolcha (D:11)
  2 vault guards (D:14)
  6 hydras
  Erica (D:10)
  A death knight (D:11)
  2 two-headed ogres
  Nergalle (Lair:3)
  The ghost of Trucidus the Nimble, a novice SpAr of Hepliaklqana (D:9)
  A wizard (D:14)
  2 necromancers (D:14)
  A wolf spider zombie (D:14)
  10 wolf spiders
  12 orb spiders
  A deep elf mage (D:13)
  4 ugly things
  A cyclops (D:12)
  9 elephants
  2 black mambas
  A moth of wrath (Spider:3)
  3 molten gargoyles (Volcano)
  11 spiny frogs
  2 torpor snails
  5 komodo dragons
  A kobold demonologist (D:11)
  A freezing wraith (D:11)
  An efreet (D:14)
  8 demonic crawlers
  2 trolls
  23 jumping spiders
  6 hornets
  7 slime creatures
  8 hippogriffs
  3 dream sheep
  4 wyverns
  57 redbacks
  9 yaks
  Sigmund (D:5)
  21 tarantellas
  A vampire (D:14)
  A fire elemental (Volcano)
  3 wraiths
  8 humans (D:14)
  A steam dragon (D:10)
  8 vampire mosquitoes
  A basilisk (Lair:2)
  A neqoxec (Abyss:2)
  An acid dragon (D:11)
  10 water moccasins
  6 orc warriors
  7 porcupines
  3 black bears
  A necrophage (D:5)
  2 ice beasts
  A phantom (D:4)
  4 ogres
  5 wolves (Lair:1)
  5 centaurs
  13 crocodiles
  A big kobold (D:8)
  16 bullfrogs
  A wyvern skeleton (D:14)
  4 scorpions
  7 killer bees
  8 wights
  3 electric eels
  2 howler monkeys
  3 crimson imps
  4 quasits
  A bullfrog zombie (D:4)
  2 centaur zombies
  An orc priest (D:9)
  2 jellies
  10 orc wizards
  3 centaur skeletons
  3 hounds
  2 bullfrog skeletons
  Crazy Yiuf (D:4)
  Terence (D:3)
  3 iguanas
  11 worker ants
  2 killer bee zombies
  2 hound skeletons
  2 howler monkey skeletons
  11 gnolls
  13 adders
  4 shadow imps
  An adder zombie (D:5)
  3 adder skeletons
  7 worms
  2 dart slugs
  5 leopard geckos
  28 orcs
  7 giant cockroaches
  6 goblins
  10 hobgoblins
  19 jackals
  7 kobolds
  7 quokkas
  A ball python (D:2)
  A ball python skeleton (D:2)
  5 bats
  5 frilled lizards
  A leopard gecko zombie (D:5)
  A quokka skeleton (D:8)
  11 rats
  A bush (Lair:5)
  A fire vortex (Volcano)
  A fungus (Lair:4)
574 creatures vanquished.

Vanquished Creatures (collateral kills)
  Arachne (Spider:2)
  Frances (Spider:2)
  2 emperor scorpions (Lair:3)
  Aizul (Spider:3)
  A ghost moth (Lair:2)
  4 entropy weavers
  A rakshasa (D:14)
  A vault guard (D:14)
  3 hydras
  A two-headed ogre (D:11)
  A skeletal warrior (D:11)
  A wizard (D:14)
  A manticore (D:14)
  An orb spider (Spider:4)
  An orc sorcerer (D:10)
  7 wolf spiders
  3 elephants (Lair:3)
  2 black mambas
  2 spiny frogs
  A centaur skeleton (D:13)
  3 rime drakes
  3 demonic crawlers (Lair:3)
  3 komodo dragons
  8 jumping spiders
  3 meliai (D:14)
  A hornet (Spider:2)
  2 trolls
  4 dream sheep
  5 slime creatures
  2 hippogriffs (Lair:3)
  2 wraiths
  11 redbacks
  9 yaks
  10 humans (D:14)
  5 tarantellas
  2 basilisks
  A hungry ghost (D:14)
  7 vampire mosquitoes
  A warg (D:10)
  7 water moccasins
  6 porcupines
  3 orc warriors
  2 sky beasts
  An eye of draining (D:11)
  2 ogres
  A phantom (D:10)
  3 wolves (Lair:1)
  A centaur (D:10)
  A crocodile (Lair:2)
  4 bullfrogs
  4 killer bees (D:13)
  A wight (D:10)
  A crimson imp (D:11)
  2 jellies (D:13)
  A hound (D:11)
  3 orc wizards
  5 worker ants
  A hound skeleton (D:10)
  2 adders
  2 orcs
  A bush (Lair:5)
  2 butterflies (Lair:1)
  4 fungi
  6 plants
184 creatures vanquished.

Vanquished Creatures (others)
  2 orc high priests
  4 orc knights (D:14)
  An orc warrior (D:14)
  An orc sorcerer (D:14)
  A yaktaur (D:14)
  7 orc priests
  6 orc wizards
  A ball lightning (Spider:2)
  20 orcs
  2 bushes (Lair:2)
  3 fungi (Lair:4)
  35 plants
83 creatures vanquished.

Grand Total: 841 creatures vanquished

Notes
Turn   | Place    | Note
-------+----------+-------------------------------------------
     0 | D:1      | recordrepeat the Hill Orc Fighter began the quest for the Orb.
     0 | D:1      | Reached XP level 1. HP: 19/19 MP: 1/1
   105 | D:1      | Reached XP level 2. HP: 27/27 MP: 2/2
   475 | D:1      | Reached XP level 3. HP: 32/33 MP: 3/3
  1184 | D:2      | Found a shadowy altar of Dithmenos.
  1242 | D:2      | Reached XP level 4. HP: 38/40 MP: 4/4
  1273 | D:2      | Reached skill level 4 in Shields
  1667 | D:2      | Reached XP level 5. HP: 43/46 MP: 5/5
  1871 | D:3      | Noticed Terence
  1876 | D:3      | Killed Terence
  2048 | D:3      | Reached skill level 5 in Axes
  2545 | D:4      | Reached XP level 6. HP: 44/53 MP: 6/6
  2547 | D:4      | Noticed a phantom
  2581 | D:4      | Killed a phantom
  2789 | D:5      | Entered Level 5 of the Dungeon
  2799 | D:5      | Reached skill level 1 in Dodging
  2895 | D:4      | Reached skill level 5 in Fighting
  2895 | D:4      | Reached XP level 7. HP: 51/61 MP: 7/7
  3022 | D:4      | Found a runed door.
  3026 | D:4      | Noticed Crazy Yiuf
  3034 | D:4      | Killed Crazy Yiuf
  3034 | D:4      | Reached skill level 5 in Shields
  3209 | D:4      | Reached skill level 5 in Armour
  3377 | D:4      | Gained mutation: Your flesh is cold resistant. (rC+) [potion of mutation]
  3377 | D:4      | Gained mutation: Your flesh is heat resistant. (rF+) [potion of mutation]
  3404 | D:4      | Found a staircase to the Ecumenical Temple.
  3662 | D:4      | Found a blossoming altar of Fedhas.
  3725 | D:5      | Became a worshipper of Beogh the Brigand
  3745 | D:5      | Reached XP level 8. HP: 52/69 MP: 8/8
  4101 | D:5      | Noticed Sigmund
  4103 | D:5      | Reached * piety under Beogh
  4109 | D:5      | Killed Sigmund
  4109 | D:5      | Reached skill level 6 in Shields
  4179 | D:5      | Found a glowing golden altar of the Shining One.
  4250 | D:5      | Found an ancient bone altar of Kikubaaqudgha.
  4253 | D:5      | Found a deep blue altar of Sif Muna.
  4256 | D:5      | Found a bloodstained altar of Trog.
  4356 | D:6      | Found a bloodstained altar of Trog.
  4468 | D:6      | Found Uptiuw's Food Boutique.
  4669 | D:5      | Reached XP level 9. HP: 9/75 MP: 1/9
  5089 | D:6      | Found an opulent altar of Gozag.
  5198 | D:6      | Reached skill level 10 in Axes
  5511 | D:7      | Found a stormy altar of Qazlal.
  5631 | D:7      | Found a basalt altar of Yredelemnul.
  5669 | D:7      | Reached ** piety under Beogh
  6043 | D:8      | Found a shimmering altar of Xom.
  6116 | D:8      | Found a white marble altar of Elyvilon.
  6168 | D:8      | Reached skill level 7 in Shields
  6783 | D:9      | Noticed Trucidus's ghost (novice SpAr)
  6905 | D:9      | Killed Trucidus's ghost
  6905 | D:9      | Reached skill level 8 in Shields
  6905 | D:9      | Reached XP level 10. HP: 56/86 MP: 8/10
  7144 | D:9      | Found a staircase to the Lair.
  7305 | D:9      | Reached skill level 9 in Shields
  7317 | D:9      | Noticed Gastronok
  7343 | D:9      | Killed Gastronok
  8058 | D:9      | Found an ornate altar of the Wu Jian Council.
  8243 | D:10     | Entered Level 10 of the Dungeon
  8243 | D:10     | Found Ixkeg's Jewellery Shoppe.
  8257 | D:10     | Reached *** piety under Beogh
  8267 | D:10     | Got an ancient scimitar
  8268 | D:10     | Identified the +8 scimitar of Oenomania {slice, rPois rC+ MR- Str+6} (You found it on level 10 of the Dungeon)
  8283 | D:10     | Reached XP level 11. HP: 95/95 MP: 11/11
  8284 | D:10     | Found a staircase to the Orcish Mines.
  8643 | D:10     | Reached skill level 1 in Long Blades
  8747 | D:10     | Lost mutation: Your flesh is cold resistant. (rC+) [potion of mutation]
  8747 | D:10     | Lost mutation: Your flesh is heat resistant. (rF+) [potion of mutation]
  8747 | D:10     | Gained mutation: You are partially covered in molten scales. (AC +2) [potion of mutation]
  8747 | D:10     | Gained mutation: You are occasionally teleported next to monsters. [potion of mutation]
  8747 | D:10     | Gained mutation: You have an increased reservoir of magic. (+10% MP) [potion of mutation]
  8784 | D:10     | Reached skill level 10 in Shields
  9481 | D:11     | Reached **** piety under Beogh
  9943 | D:11     | Noticed a death knight
  9944 | D:11     | Noticed a skeletal warrior
  9952 | D:11     | Killed a death knight
  9965 | D:11     | Killed a skeletal warrior
  9965 | D:11     | Reached skill level 5 in Long Blades
 10270 | D:11     | Found Ynue's Jewellery Boutique.
 10276 | D:11     | Bought the amulet of Reimbursement {Reflect rPois rF- rN+ Dex+2 SH+2} for 301 gold pieces
 10374 | D:11     | Found a deep blue altar of Sif Muna.
 10385 | D:11     | Noticed Erolcha
 10392 | D:11     | Paralysed by Erolcha for 2 turns
 10395 | D:11     | Killed Erolcha
 10428 | D:11     | Noticed a two-headed ogre
 10435 | D:11     | Killed a two-headed ogre
 10517 | D:11     | Noticed a two-headed ogre
 10525 | D:11     | Killed a two-headed ogre
 11144 | D:12     | Reached XP level 12. HP: 102/105 MP: 13/13
 11207 | D:12     | Reached skill level 11 in Shields
 11502 | D:12     | Reached skill level 10 in Fighting
 12603 | D:13     | Reached ***** piety under Beogh
 13319 | D:14     | Reached skill level 1 in Invocations
 13487 | D:14     | Reached skill level 1 in Stealth
 13960 | D:14     | Noticed a rakshasa
 13971 | D:14     | Noticed a six-headed hydra
 14223 | D:13     | Noticed a two-headed ogre
 14228 | D:13     | Killed a two-headed ogre
 14228 | D:13     | Reached skill level 12 in Shields
 14442 | D:14     | Reached XP level 13. HP: 114/114 MP: 15/15
 14455 | D:14     | Reached skill level 10 in Long Blades
 14555 | D:14     | Reached skill level 1 in Spellcasting
 14555 | D:14     | Reached skill level 1 in Evocations
 14555 | D:14     | Reached XP level 14. HP: 124/124 MP: 15/18
 14556 | D:14     | Reached skill level 10 in Armour
 14556 | D:14     | Reached XP level 15. HP: 130/130 MP: 15/20
 14922 | D:14     | Gained Blodwig as an ally
 14924 | D:14     | Gained Gorbash as an ally
 14985 | D:14     | Found a gate to the Vaults.
 14998 | D:14     | Reached skill level 13 in Shields
 15003 | D:14     | Your ally Blodwig died
 15484 | Lair:1   | Entered Level 1 of the Lair of Beasts
 16792 | Lair:2   | Reached ****** piety under Beogh
 17084 | Lair:2   | Gained Orbeogh as an ally
 17711 | Lair:2   | Killed a ghost moth
 18257 | Lair:3   | Reached skill level 5 in Invocations
 18328 | Lair:3   | Your ally Gorbash died
 18384 | Lair:3   | Reached skill level 14 in Shields
 18455 | Lair:3   | Found a dark tunnel.
 18585 | Lair:3   | Found a staircase to the Swamp.
 18626 | Volcano  | Entered a volcano
 18983 | Lair:3   | Found a hole to the Spider Nest.
 19360 | Orc:1    | Entered Level 1 of the Orcish Mines
 19360 | Orc:1    | Found a roughly hewn altar of Beogh.
 19360 | Orc:1    | Noticed Erica
 19374 | D:10     | Killed Erica
 19506 | Orc:1    | Noticed Snorg
 19517 | Orc:1    | Killed Snorg
 19517 | Orc:1    | Gained Dorog as an ally
 19680 | Lair:3   | Noticed Nergalle
 19689 | Lair:3   | Killed Nergalle
 19705 | Lair:4   | Gained Bogwik as an ally
 20717 | Lair:4   | Reached XP level 16. HP: 140/140 MP: 22/22
 20977 | Lair:4   | Found the +8 whip "Snakebite" {curare, rPois}
 21880 | Lair:5   | Found a staircase to the Slime Pits.
 21881 | Lair:5   | Found a viscous altar of Jiyva.
 22949 | Spider:1 | Entered Level 1 of the Spider Nest
 23607 | Lair:3   | Your ally Dorog died
 24264 | Spider:1 | Reached skill level 15 in Shields
 26636 | Spider:2 | Lost mutation: You have an increased reservoir of magic. (+10% MP) [potion of mutation]
 26636 | Spider:2 | Gained mutation: You are partially covered in slimy green scales. (AC +2) [potion of mutation]
 26636 | Spider:2 | Gained mutation: Your natural rate of healing is unusually fast. [potion of mutation]
 26636 | Spider:2 | Gained mutation: You are partially covered in iridescent scales. (AC +2) [potion of mutation]
 26669 | Spider:2 | Noticed Arachne
 26683 | Spider:2 | Killed Arachne
 26956 | Spider:2 | Noticed Frances
 27012 | Spider:1 | Gained Bogbarth as an ally
 27159 | Spider:2 | Killed Frances
 27518 | Spider:2 | Reached skill level 16 in Shields
 28298 | Spider:3 | Reached XP level 17. HP: 132/149 MP: 21/21
 28463 | Spider:3 | Gained Brunolf as an ally
 28465 | Spider:3 | Your ally Gorbash died
 29350 | Spider:4 | Entered Level 4 of the Spider Nest
 29493 | Spider:4 | Noticed Aizul
 29542 | Spider:3 | Killed Aizul
 29546 | Spider:4 | Reached skill level 17 in Shields
 29597 | Spider:4 | Noticed Louise
 29604 | Spider:4 | Cast into level 2 of the Abyss (Louise)
 29771 | Abyss:2  | Killed from afar by an orc priest

Skill      XL: |  1  2  3  4  5  6  7  8  9 10 11 12 13 14 15 16 17 |
---------------+----------------------------------------------------+-----
Axes           | 3 4 5 7 9 11 13 | 13.8
Armour         | 4 5 7 8 9 10 11 12 | 12.5
Shields        | 4 5 6 8 9 10 12 14 16 17 | 17.0
Fighting       | 4 5 6 7 8 9 10 11 12 13 | 13.4
Dodging        | 1 2 3 |  3.7
Long Blades    | 6 9 10 12 13 14 | 14.2
Invocations    | 2 3 4 5 6 |  6.3
Stealth        | 1 2 3 |  3.6
Spellcasting   | 1 2 |  2.1
Evocations     | 1 2 3 |  3.6

Action                   |  1- 3 |  4- 6 |  7- 9 | 10-12 | 13-15 | 16-18 || total
-------------------------+-------+-------+-------+-------+-------+-------++-------
Melee: War axe           |   125 |   230 |   505 |   154 |       |       ||  1014
       Scimitar          |       |       |       |   349 |   402 |   710 ||  1461
Invok: Convert to Beogh  |       |       |     1 |       |       |       ||     1
       Recall Orcish Fol |       |       |       |    11 |    19 |    40 ||    70
       Give Item to Name |       |       |       |       |     3 |     1 ||     4
       Resurrection      |       |       |       |       |     1 |     1 ||     2
       Stop Recall       |       |       |       |       |     1 |       ||     1
Evoke: Wand              |       |       |       |       |    18 |     2 ||    20
  Use: Scroll            |       |     9 |     2 |     3 |    12 |    12 ||    38
       Potion            |       |       |     2 |     4 |     2 |     5 ||    13
 Stab: Distracted        |       |       |       |     4 |     7 |     3 ||    14
  Eat: Chunk             |     1 |     6 |    13 |    10 |     8 |     2 ||    40
       Ration            |       |       |       |     5 |     3 |     8 ||    16
Armor: Scale mail        |    21 |       |       |       |       |       ||    21
       Chain mail        |    66 |   144 |    87 |       |       |       ||   297
       Plate armour      |       |       |   133 |   218 |   212 |   496 ||  1059
Dodge: Dodged            |    35 |    47 |    72 |    69 |    90 |   203 ||   516
Block: Shield            |    70 |   131 |   182 |       |       |       ||   383
       Large shield      |       |       |   109 |   512 |   492 |  1141 ||  2254
       Reflection        |       |       |       |     3 |     2 |    11 ||    16
       Rpst.: Scimitar   |       |       |       |    10 |    19 |    35 ||    64
